 Dungeon Crawl Stone Soup version 0.19.4-12-gccf7e64 (webtiles) character file.

5999 galech the Basher (level 10, 0/107 HPs)
             Began as an Ogre Fighter on Feb 27, 2017.
             Was a Believer of Makhleb.
             Slain by a two-headed ogre
             ... wielding a +0 giant spiked club
              (26 damage)
             ... on level 10 of the Dungeon.
             The game lasted 00:23:08 (11476 turns).

galech the Basher (Ogre Fighter)                   Turns: 11476, Time: 00:23:09

Health: 0/107      AC: 11    Str: 26    XL:     10   Next: 85%
Magic:  10/10      EV: 12    Int:  9    God:    Makhleb [**....]
Gold:   599        SH: 10    Dex:  9    Spells: 0 memorised, 9 levels left

rFire  + . .     SeeInvis .     w - +4 mace (crush)
rCold  x . .     Gourm    .     M - +4 steam dragon scales
rNeg   . . .     Faith    +     c - +0 shield
rPois  .         Spirit   .     (helmet restricted)
rElec  .         Reflect  .     E - +0 cloak (curse)
rCorr  .         Harm     .     (gloves unavailable)
MR     +....     Rnd*Rage +     (boots unavailable)
Stlth  ++........               e - amulet of faith
                                (no ring)
                                p - ring of fire

@: no status effects
A: unfitting armour, antennae 1, talons 1, berserk 1, clever 1, mutation
resistance 1, tough skin 1
a: Minor Destruction, Renounce Religion


You were on level 10 of the Dungeon.
You worshipped Makhleb.
Makhleb was pleased with you.
You were not hungry.

You visited 2 branches of the dungeon, and saw 11 of its levels.
You also visited: Bailey.

You collected 599 gold pieces.

Inventory:

Hand Weapons
 a - a +0 flail
 h - a +0 whip of electrocution
 w - a +4 mace of crushing (weapon)
 K - a +0 battleaxe of chopping
Armour
 c - a +0 shield (worn)
 v - a +0 cloak
 E - a cursed +0 cloak (worn)
 M - +4 steam dragon scales (worn)
 N - the cursed +0 helmet of the Crown {rN+ Str-2 Dex+3, unknown}
   (You found it in a bailey)

   It affects your strength (-2).
   It affects your dexterity (+3).
   It protects you from negative energy.
   It has a curse placed upon it.
 V - a cursed -2 robe
Jewellery
 e - an amulet of faith (around neck)
 p - a ring of fire (left hand)
 D - an uncursed amulet of magic regeneration
 Y - a cursed amulet of the gourmand {unknown}
Wands
 n - a wand of iceblast (10/15)
 I - a wand of slowing (14/48)
 R - a wand of flame (24/48)
 U - a wand of slowing (19/48)
 Z - a wand of flame (22/48)
Scrolls
 b - a scroll of fog
 g - 4 scrolls of teleportation
 k - 2 scrolls of fear
 m - 4 scrolls of recharging
 o - a scroll of random uselessness
 t - a scroll of blinking
 y - 3 scrolls of remove curse
 O - a scroll of vulnerability
 Q - a scroll of holy word
 T - a scroll of immolation {unknown}
 W - a scroll of enchant weapon
Potions
 d - 2 potions of might
 j - 2 potions of flight {unknown}
 l - 4 potions of degeneration {unknown}
 q - 2 potions of brilliance {unknown}
 r - a potion of resistance {unknown}
 s - 5 potions of lignification {unknown}
 u - 4 potions of heal wounds {unknown}
 z - a potion of berserk rage {unknown}
 A - 2 potions of ambrosia {unknown}
 B - 2 potions of magic {unknown}
 C - 3 potions of curing {unknown}
 P - 2 potions of agility {unknown}
Books
 i - a book of Conjurations

   Spells                             Type                      Level
   a - Magic Dart                     Conjuration                  1
   b - Searing Ray                    Conjuration                  2
   c - Dazzling Spray                 Conjuration/Hexes            3
   d - Fulminant Prism                Conjuration/Hexes            4
   e - Iskenderun's Mystic Blast      Conjuration                  4
   f - Iskenderun's Battlesphere      Conjuration/Charms           5
 F - a book of Geomancy

   Spells                             Type                      Level
   a - Sandblast                      Earth                        1
   b - Passwall                       Transmutation/Earth          2
   c - Stone Arrow                    Conjuration/Earth            3
   d - Petrify                        Transmutation/Earth          4
   e - Lee's Rapid Deconstruction     Earth                        5
 L - a Young Poisoner's Handbook

   Spells                             Type                      Level
   a - Sting                          Conjuration/Poison           1
   b - Mephitic Cloud                 Conjuration/Poison/Air       3
   c - Olgreb's Toxic Radiance        Poison                       4
   d - Alistair's Intoxication        Transmutation/Poison         5
   e - Venom Bolt                     Conjuration/Poison           5
Comestibles
 f - 3 bread rations
 x - 5 meat rations
 G - a slice of pizza
 H - a beef jerky
 J - 2 royal jellies
 S - 24 fruits


   Skills:
 + Level 9.4 Fighting
 + Level 12.0 Maces & Flails
 + Level 7.9 Dodging
 + Level 2.3 Stealth
 + Level 7.2 Shields


You had 9 spell levels left.
You didn't know any spells.

Dungeon Overview and Level Annotations

Branches:
Dungeon (10/15)            Temple (1/1) D:6
   Lair: D:8-11         Orc: D:9-12

Altars:
Ashenzari
Cheibriados
Dithmenos
Elyvilon
Fedhas
Hepliaklqana
Kikubaaqudgha
Makhleb
Nemelex Xobeh
Okawaru
Qazlal
Ru
Sif Muna
Trog
Uskayaw
Vehumet
Xom
Yredelemnul
Zin
The Shining One

Shops:
D:5 [   D:9 }


Innate Abilities, Weirdness & Mutations

You are too large for most types of armour.
You have tough skin. (AC +1)
You have a pair of small antennae on your head.
You have sharp toenails.
You tend to lose your temper in combat.
Your mind is acute. (Int +2)
You are somewhat resistant to further mutation.


Message History

You are too injured to fight recklessly!
You are too injured to fight recklessly!
You are too injured to fight recklessly!
You are too injured to fight recklessly!
You are too injured to fight recklessly!
You are too injured to fight recklessly!
You are too injured to fight recklessly!
You are too injured to fight recklessly!
You are too injured to fight recklessly!
You are too injured to fight recklessly!
You are too injured to fight recklessly!
You are too injured to fight recklessly!
You are too injured to fight recklessly!
You are too injured to fight recklessly!
You are too injured to fight recklessly!
You are too injured to fight recklessly!
You are too injured to fight recklessly!
The two-headed ogre misses you.
The two-headed ogre hits you with a giant spiked club!!
You die...

#..### #. ##'#######
##.########........#
.........##...(....+
.........##........#
.........##........#
.........##...รท....#
.......WS##........#
.......CO@..<......#
..........#........#
.........##........#
######.######+######
#.. #.# .. #+#


You could see a hill giant, a two-headed ogre, a wraith and an adder.

Vanquished Creatures
  Joseph (D:8)
  Grinder (D:5)
  2 hippogriffs (D:8)
  A hungry ghost (D:7)
  The ghost of volk64 the Insei, an amateur OpTm (D:4)
  3 water moccasins
  4 ice beasts
  2 orc warriors
  6 sky beasts
  A necrophage (D:8)
  2 phantoms
  3 ogres
  A centaur (D:10)
  A big kobold (D:9)
  2 bullfrogs
  Blork the orc (D:5)
  A wyvern zombie (D:8)
  3 scorpions
  8 killer bees
  7 wights
  A vampire bat (D:5)
  3 howler monkeys
  13 crimson imps
  2 quasits
  5 hounds
  6 orc priests
  A bullfrog skeleton (D:5)
  2 jellies (D:9)
  Crazy Yiuf (D:2)
  Ijyb (D:2)
  An iguana (D:9)
  Terence (D:2)
  7 orc wizards
  3 worker ants
  A killer bee zombie (D:8)
  Robin (D:2)
  13 adders
  4 gnolls (D:5)
  A howler monkey skeleton (D:4)
  A shadow imp (D:8)
  2 oozes
  An adder skeleton (D:4)
  7 worms
  2 dart slugs
  4 leopard geckos
  22 orcs
  3 ball pythons
  17 bats
  7 giant cockroaches
  16 goblins
  6 hobgoblins
  12 jackals
  7 kobolds
  6 quokkas
  A ball python zombie (D:5)
  4 frilled lizards
  A quokka zombie (D:6)
  4 rats
241 creatures vanquished.

Notes
Turn   | Place    | Note
-------+----------+-------------------------------------------
     0 | D:1      | galech the Ogre Fighter began the quest for the Orb.
     0 | D:1      | Reached XP level 1. HP: 24/24 MP: 1/1
   111 | D:1      | Reached XP level 2. HP: 13/32 MP: 2/2
   727 | D:1      | Reached XP level 3. HP: 27/40 MP: 3/3
  1141 | D:2      | Reached skill level 3 in Maces & Flails
  1298 | D:2      | Reached XP level 4. HP: 46/49 MP: 4/4
  1363 | D:2      | Noticed Ijyb
  1393 | D:2      | Killed Ijyb
  1605 | D:2      | Found a deep blue altar of Sif Muna.
  1836 | D:2      | Found a runed door.
  1859 | D:2      | Noticed Robin
  1866 | D:2      | Killed Robin
  1866 | D:2      | Reached skill level 5 in Fighting
  1866 | D:2      | Reached XP level 5. HP: 46/57 MP: 5/5
  1931 | D:2      | Noticed Terence
  1939 | D:2      | Killed Terence
  2344 | D:2      | Noticed Crazy Yiuf
  2350 | D:2      | Killed Crazy Yiuf
  2350 | D:2      | Reached skill level 4 in Maces & Flails
  2403 | D:2      | Reached XP level 6. HP: 56/66 MP: 6/6
  2493 | D:3      | Found a blossoming altar of Fedhas.
  2812 | D:3      | Found a snail-covered altar of Cheibriados.
  2876 | D:3      | Found a hazy altar of Hepliaklqana.
  3266 | D:4      | Noticed volk64's ghost (amateur OpTm)
  3278 | D:4      | Killed volk64's ghost
  3278 | D:4      | Reached skill level 5 in Maces & Flails
  3278 | D:4      | Reached XP level 7. HP: 49/72 MP: 7/7
  3798 | D:5      | Entered Level 5 of the Dungeon
  3905 | D:5      | Found Napnu's Armour Boutique.
  3910 | D:5      | Reached skill level 6 in Maces & Flails
  4020 | D:5      | Noticed Blork the orc
  4033 | D:5      | Killed Blork the orc
  4044 | D:5      | Found a glowing golden altar of the Shining One.
  4204 | D:5      | Reached XP level 8. HP: 69/83 MP: 8/8
  4231 | D:5      | Reached skill level 7 in Maces & Flails
  4280 | D:5      | Noticed Grinder
  4285 | D:5      | Reached skill level 5 in Shields
  4790 | D:5      | Paralysed by Grinder for 6 turns
  4803 | D:5      | Killed Grinder
  4803 | D:5      | Reached skill level 5 in Dodging
  4803 | D:5      | Reached skill level 1 in Stealth
  5198 | D:6      | Found a sparkling altar of Nemelex Xobeh.
  5201 | D:6      | Found a basalt altar of Yredelemnul.
  5267 | D:6      | Reached skill level 8 in Maces & Flails
  5310 | D:6      | Found a staircase to the Ecumenical Temple.
  5315 | Temple   | Entered the Ecumenical Temple
  5663 | D:6      | Reached skill level 9 in Maces & Flails
  5663 | D:6      | Reached XP level 9. HP: 45/93 MP: 9/9
  6708 | D:7      | Found a flagged portal.
  6715 | Bailey   | Entered a bailey
  6819 | Bailey   | Reached skill level 10 in Maces & Flails
  7167 | Bailey   | Noticed an orc knight
  7825 | Bailey   | Got a heavily runed helmet
  8793 | D:8      | Found a burning altar of Makhleb.
  8793 | D:8      | Noticed an Executioner
  8797 | D:8      | Noticed an orange demon
  8799 | D:8      | Became a worshipper of Makhleb the Destroyer
  9147 | D:8      | Noticed Joseph
  9159 | D:8      | Killed Joseph
  9159 | D:8      | Reached XP level 10. HP: 36/106 MP: 10/10
  9565 | D:8      | Reached skill level 11 in Maces & Flails
  9695 | D:8      | Reached * piety under Makhleb
 10848 | D:9      | Gained mutation: You tend to lose your temper in combat. [mutagenic meat]
 10849 | D:9      | Gained mutation: Your mind is acute. (Int +2) [mutagenic meat]
 10850 | D:9      | Gained mutation: You are somewhat resistant to further mutation. [mutagenic meat]
 10941 | D:9      | Reached ** piety under Makhleb
 10996 | D:9      | Found Piablum's Gadget Emporium.
 11069 | D:9      | Gained mutation: You have sharp toenails. [mutagenic meat]
 11070 | D:9      | Gained mutation: You have a pair of small antennae on your head. [mutagenic meat]
 11251 | D:10     | Entered Level 10 of the Dungeon
 11321 | D:10     | Reached skill level 12 in Maces & Flails
 11467 | D:10     | Noticed a hill giant
 11476 | D:10     | Slain by a two-headed ogre

Skill      XL: |  1  2  3  4  5  6  7  8  9 10 |
---------------+-------------------------------+-----
Dodging        | 3 4 5 6 7 |  7.9
Shields        | 3 4 5 6 7 |  7.2
Maces & Flails | 3 4 5 6 9 10 12 | 12.0
Fighting       | 5 6 7 8 9 |  9.4
Stealth        | 1 2 |  2.3

Action                   |  1- 3 |  4- 6 |  7- 9 | 10-12 || total
-------------------------+-------+-------+-------+-------++-------
Melee: Flail             |    12 |       |       |       ||    12
       Whip              |    93 |   108 |       |       ||   201
       Mace              |       |    94 |   336 |   255 ||   685
       Kick              |       |       |       |    22 ||    22
  Use: Scroll            |       |     8 |     7 |     2 ||    17
       Potion            |       |       |     3 |       ||     3
 Stab: Sleeping          |     1 |       |       |     2 ||     3
       Distracted        |       |       |       |     1 ||     1
  Eat: Chunk             |     1 |     7 |    13 |    17 ||    38
       Bread ration      |       |       |     2 |       ||     2
Armor: Robe              |    22 |   104 |    53 |       ||   179
       Steam dragon scal |       |       |    27 |    79 ||   106
Dodge: Dodged            |    26 |   131 |   161 |    79 ||   397
Block: Shield            |    37 |   130 |   176 |    96 ||   439
